Map: Ruins of Seras

Players

JDisMyHero - Winner!

  • Race: Terran Terran
  • League: Silver

DrPain

  • Race: Zerg Zerg
  • League: Platinum

VOD

Have the link to the VOD?

Description

Time

  • Played on: Dec. 24, 2015, 11:08 a.m.
  • Length: 19:23
Show
View Real Time Build Order
Export as new Build Order

JDisMyHero Terran - Winner!

Build Orders: Bio Tank 

Get SALT Encoding   

  12  0:00  SCV  
  13  0:12  SCV  
  14  0:18  Supply Depot  
  14  0:25  SCV  
  15  0:40  SCV  
  15  0:42  Barracks  
  16  0:46  Barracks  
  16  0:51  Refinery  
  16  0:53  SCV  
  17  1:05  SCV  
  18  1:17  SCV  
  19  1:29  SCV  
  20  1:36  Reaper  
  21  1:42  Orbital Command  
  21  1:51  Command Center  
  21  2:06  Refinery  
  22  2:08  SCV, Marine  
  22  2:11  Supply Depot  
  23  2:25  Factory  
  23  2:33  SCV  
  23  2:34  Barracks Reactor  
  24  2:44  Barracks  
  24  2:45  SCV  
  25  2:57  SCV  
  26  2:59  Barracks  
  26  3:07  Orbital Command  
  26  3:09  SCV  
  26  3:11  Factory Tech Lab  
  27  3:14  Marine  
  27  3:20  Marine  
  27  3:21  SCV  
  29  3:31  Siege Tank  
  29  3:33  SCV  
  33  3:35  Barracks Tech Lab  
  33  3:36  SCV  
  33  3:39  Marine  
  35  3:43  Marine  
  35  3:47  Barracks Reactor  
  36  3:48  SCV  
  36  3:49  SCV  
  36  3:54  Supply Depot  
  36  3:55  Marine  
  39  4:03  Orbital Command  
  39  4:04  Siege Tank  
  39  4:07  Stimpack  
  42  4:11  Marine x2  
  42  4:16  Starport  
  44  4:26  SCV  
  45  4:33  Marine x4  
  45  4:34  Marine  
  50  4:38  SCV  
  50  4:39  Siege Tank  
  50  4:45  Supply Depot  
  54  4:49  SCV  
  54  4:50  Marine  
  54  4:51  Marine  
  57  4:59  Marine  
  58  5:03  SCV, Starport Reactor  
  58  5:04  SCV  
  60  5:09  Marine x3  
  60  5:10  Refinery  
  63  5:14  Engineering Bay  
  63  5:17  Siege Tank  
  63  5:18  SCV  
  67  5:23  SCV, Marine  
  67  5:24  Marine  
  70  5:30  Supply Depot  
  70  5:32  Marine x2  
  72  5:36  SCV x2  
  72  5:42  Medivac  
  76  5:44  Medivac  
  78  5:50  Supply Depot  
  78  5:53  SCV  
  79  6:01  SCV  
  79  6:04  Marine x3  
  80  6:05  SCV  
  80  6:08  Terran Infantry Weapons Level 1  
  80  6:09  Supply Depot  
  84  6:13  SCV  
  84  6:15  Combat Shields  
  84  6:16  Marine  
  84  6:17  Marine  
  84  6:18  SCV  
  88  6:27  SCV  
  88  6:28  Missile Turret  
  88  6:29  Marine x3  
  88  6:30  Refinery  
  92  6:32  Supply Depot  
  92  6:38  SCV  
  93  6:43  Marine  
  93  6:44  Siege Tank  
  93  6:45  Medivac  
  99  6:47  Medivac  
  99  6:49  SCV  
  99  6:53  Supply Depot  
  102  6:55  Marine x3  
  102  6:57  Marine  
  106  7:18  Marine  
  106  7:19  Marine x4  
  106  7:20  SCV  
  112  7:23  Barracks  
  112  7:24  SCV  
  112  7:26  Barracks  
  111  7:36  Marine  
  111  7:37  Marine  
  111  7:38  Marine x2  
  91  7:58  Marine x2  
  86  7:59  Marine x3  
  86  8:00  SCV  
  86  8:04  Concussive Shells  
  92  8:06  Command Center  
  92  8:08  Medivac x2  
  96  8:15  Siege Tank  
  96  8:16  Marine  
  96  8:17  SCV  
  101  8:21  Liberator  
  101  8:22  Barracks  
  101  8:23  Barracks  
  101  8:28  SCV, Marine x3  
  101  8:31  SCV  
  106  8:40  Marine x4  
  113  8:42  Terran Infantry Armor Level 1  
  113  8:45  Supply Depot  
  113  8:47  Siege Tank, Engineering Bay  
  116  8:52  SCV x2, Armory  
  116  8:54  Marine  
  119  8:59  Marine x2  
  119  9:01  Barracks Tech Lab  
  121  9:03  Barracks Tech Lab  
  121  9:04  SCV  
  121  9:06  SCV, Liberator  
  121  9:07  Liberator  
  123  9:16  Marine  
  123  9:17  Marauder, Marine  
  124  9:18  SCV  
  134  9:35  Orbital Command  
  134  9:48  Marine  
  134  9:49  SCV, Marauder, Marine x2  
  134  9:50  SCV  
  134  9:51  Barracks Tech Lab x2  
  141  9:55  Marine  
  141  9:57  Refinery  
  119  10:20  Liberator x2  
  109  10:21  Marine x2  
  109  10:22  Marine x5  
  109  10:23  Marauder x2  
  120  10:30  SCV  
  121  10:36  Siege Tank  
  121  10:39  SCV, Marine x3  
  121  10:40  Marauder  
  121  10:41  Terran Infantry Weapons Level 2  
  136  10:46  Refinery  
  136  10:50  Marine  
  136  10:51  Marauder, Marine  
  140  11:01  Command Center  
  139  11:08  Marine x3  
  139  11:09  Marauder, Marine x2  
  145  11:14  Siege Tank  
  145  11:16  Liberator  
  145  11:17  Liberator  
  121  11:34  SCV  
  121  11:37  Marine x2  
  121  11:38  Marine x3  
  121  11:39  Marauder  
  135  11:45  Marine x2  
  135  11:46  Marauder  
  139  11:52  Siege Tank  
  142  12:09  Marine x3  
  142  12:10  Marauder, Marine  
  142  12:13  Marauder  
  150  12:16  Terran Infantry Armor Level 2  
  150  12:19  Planetary Fortress, Liberator x2  
  150  12:20  SCV, Marine x2  
  150  12:21  Marine  
  154  12:24  Siege Tank  
  154  12:28  SCV, Marine x2  
  154  12:29  Marine  
  161  12:30  Barracks  
  161  12:31  Marauder  
  161  12:32  Barracks  
  161  12:33  Barracks  
  161  12:34  Barracks  
  161  12:35  Marauder  
  171  12:37  Marine  
  171  12:43  Supply Depot x2  
  172  12:44  Marine  
  172  12:45  Supply Depot, Marauder  
  172  12:47  Refinery  
  171  13:07  Marine x2  
  171  13:08  Marauder  
  171  13:10  Marine x3  
  171  13:11  Marauder  
  180  13:16  SCV  
  180  13:17  Marine x2  
  183  13:20  Terran Infantry Weapons Level 3  
  183  13:25  Marine x2  
  185  13:28  Marauder  
  187  13:41  Marine  
  187  13:42  Marauder  
  187  13:43  Marine  
  187  13:44  Marauder, Marine x2  
  187  13:45  Medivac x2  
  165  14:19  Marine  
  165  14:20  Marauder, Marine  
  165  14:21  Marine x3  
  165  14:22  Marauder, Marine x2  
  153  14:37  Marine x2  
  155  14:39  Marine  
  155  14:40  Marauder x3  
  155  14:44  Marine  
  155  14:45  Marauder  
  165  14:46  Marine  
  163  14:55  Marine x2  
  163  14:57  Marine  
  166  15:01  Marauder, Marine x2  
  166  15:02  Marine  
  166  15:04  Marine  
  166  15:06  Marine  
  173  15:13  Marine  
  170  15:17  Marine x2  
  170  15:18  Medivac x2  
  170  15:19  Marauder, Marine  
  170  15:20  Marine  
  165  15:22  Marauder  
  165  15:23  Marine  
  165  15:24  SCV, Marine  
  170  15:31  Marine  
  170  15:35  Command Center, Marine x2  
  173  15:37  Barracks Reactor x2, Marauder  
  173  15:38  Marine  
  173  15:41  Marine x2, Marauder  
  173  15:42  Marine  
  181  15:43  Marauder  
  181  15:44  Barracks Reactor  
  181  15:49  Marine  
  184  15:52  Marine  
  184  15:53  Refinery, Marine  
  184  15:56  Marine  
  187  15:58  Marine  
  187  15:59  Marine x3  
  187  16:01  Marine  
  191  16:05  Marauder  
  187  16:16  Marine x4  
  187  16:17  Marauder, Marine x4  
  187  16:18  Marauder  
  175  16:22  Marine  
  175  16:23  Marine x4  
  159  16:26  Marine  
  155  16:34  Marine x4  
  155  16:38  Marauder  
  155  16:39  Marauder  
  163  16:44  Marine x3  
  163  16:45  Marauder x2  
  170  16:52  Marine  
  170  16:53  Marauder  
  173  16:57  Marine  
  173  17:00  Marauder  
  176  17:27  Orbital Command  
  176  17:35  Marine  
  176  17:36  Marauder x2, Marine x3  
  184  17:58  Liberator x2  
  163  18:14  Marine x3  
  163  18:15  Marauder  
  174  18:23  Marine  
  174  18:24  Marauder  
  174  18:25  Marine  
  174  18:26  Marauder  
  180  18:29  Marine  
  176  18:51  Marine x2  
  176  18:52  Marine  
Show
View Real Time Build Order
Export as new Build Order

DrPain Zerg 

Build Orders: Hatch First 

Get SALT Encoding   

  12  0:01  Drone  
  13  0:12  Overlord  
  13  0:17  Drone  
  14  0:31  Drone x2  
  14  0:34  Drone  
  17  0:58  Hatchery  
  17  1:02  Drone x2  
  18  1:07  Extractor  
  17  1:19  Spawning Pool  
  17  1:24  Drone  
  17  1:34  Drone  
  17  1:35  Drone  
  19  1:43  Drone  
  20  2:04  Drone x2  
  22  2:15  Queen x2  
  25  2:16  Overlord  
  25  2:18  Overlord  
  25  2:31  Metabolic Boost  
  25  2:40  Zergling x4  
  25  2:44  Drone x3  
  30  2:51  Queen  
  30  2:56  Drone  
  30  2:57  Drone  
  34  2:58  Drone  
  35  3:07  Drone x2  
  35  3:12  Queen  
  37  3:19  Drone  
  41  3:20  Drone  
  41  3:31  Zergling x2  
  41  3:32  Zergling x4  
  41  3:33  Overlord x2  
  44  3:53  Drone x5  
  49  4:09  Roach Warren  
  48  4:12  Extractor  
  48  4:14  Drone x3  
  48  4:15  Drone, Extractor  
  48  4:16  Drone  
  51  4:18  Hatchery  
  48  4:26  Zergling x6  
  51  4:45  Drone x4  
  55  4:48  Overlord x2  
  55  4:50  Lair  
  55  4:57  Roach  
  55  4:58  Roach  
  59  5:03  Overlord x2  
  59  5:10  Roach x4  
  67  5:24  Evolution Chamber x2  
  67  5:27  Drone x4  
  69  5:32  Drone x3  
  69  5:33  Drone x4  
  76  5:47  Glial Reconstitution  
  76  5:54  Drone x6  
  82  5:57  Zerg Missile Weapons Level 1  
  82  5:58  Zerg Ground Armor Level 1  
  82  6:13  Spore Crawler, Overseer  
  82  6:14  Overseer  
  82  6:15  Pneumatized Carapace  
  81  6:20  Extractor  
  81  6:24  Drone, Extractor  
  81  6:25  Drone x4  
  83  6:26  Drone x2, Extractor  
  82  6:36  Roach x6  
  82  6:37  Roach x3  
  97  6:40  Overlord x2  
  97  6:43  Ravager  
  98  6:54  Overlord x3  
  98  7:01  Ravager x2  
  98  7:02  Ravager x2  
  102  7:13  Roach x2  
  102  7:14  Roach x7  
  118  7:23  Ravager  
  118  7:25  Roach x3  
  88  7:57  Roach x4  
  88  7:58  Roach x6  
  104  8:08  Extractor  
  103  8:17  Roach x4  
  103  8:18  Roach x3  
  117  8:30  Drone x2  
  117  8:31  Drone  
  120  8:39  Queen x3  
  120  8:40  Hatchery  
  125  8:43  Zerg Ground Armor Level 2, Zerg Missile Weapons Level 2  
  125  8:45  Roach x4  
  125  8:46  Roach  
  135  9:06  Ravager x3  
  135  9:08  Overlord x4  
  138  9:42  Roach x6  
  138  9:43  Roach x7  
  138  9:45  Ravager x5  
  125  10:20  Roach x4  
  125  10:21  Roach  
  104  10:26  Roach x4  
  104  10:27  Roach x5  
  118  10:39  Drone x6  
  124  10:49  Infestation Pit  
  123  10:52  Roach x6  
  123  10:53  Ravager  
  123  10:54  Ravager x6  
  142  11:07  Roach x5  
  146  11:26  Roach x3  
  146  11:28  Overlord x5  
  146  11:29  Overlord  
  152  11:40  Hive  
  152  11:41  Pathogen Glands  
  152  11:46  Drone, Zerg Melee Weapons Level 1  
  152  11:47  Drone x3  
  155  11:50  Extractor  
  155  11:53  Extractor  
  154  11:57  Infestor  
  154  11:58  Infestor x2  
  160  12:05  Roach x4  
  160  12:06  Roach  
  170  12:20  Spire  
  169  12:25  Roach x5  
  169  12:26  Roach x2  
  183  12:48  Infestor x3  
  185  13:25  Zerg Ground Armor Level 3, Ultralisk Cavern  
  185  13:26  Zergling x4  
  185  13:27  Zergling x14  
  188  13:28  Zergling x14  
  188  13:32  Adrenal Glands  
  200  13:40  Zerg Missile Weapons Level 3  
  137  14:25  Roach x6  
  137  14:26  Roach x8  
  137  14:27  Roach x8  
  137  14:29  Ravager x2  
  137  14:30  Ravager x6  
  184  14:40  Chitinous Plating  
  182  14:50  Overseer  
  182  14:56  Hatchery  
  181  15:05  Hatchery  
  178  15:20  Hatchery  
  177  15:22  Zergling x10  
  182  15:32  Lair  
  182  15:38  Overlord x2  
  73  16:26  Ravager  
  73  16:28  Ravager  
  73  16:29  Ravager  
  73  16:31  Ultralisk x3  
  72  16:42  Ultralisk  
  78  16:47  Queen x2  
  78  16:48  Queen  
  84  17:05  Ultralisk  
  84  17:07  Zergling x12  
  84  17:08  Zergling x10  
  104  17:30  Ultralisk  
  104  17:37  Drone x2  
  104  17:38  Drone x4  
  104  17:43  Extractor  
  109  17:48  Drone  
  109  17:49  Drone x3  
  109  17:50  Drone  
  86  18:17  Zergling x16  
  86  18:18  Zergling x8  
  73  18:32  Zergling x2  
  73  18:33  Hatchery, Zergling x2  
  52  18:57  Zergling x2  
  52  18:58  Zergling x10  
Tags
 
Add a new tag
Caveats
  • Supply blocks, unpowered buildings, or Contaminate may cause inaccurate times.
  • Supply counts are checked every 10 seconds.